[Event "European Women Rapid-ch 2023"]
[Site "Monaco"]
[Date "2024.01.13"]
[Round "4.20"]
[White "Lazarne Vajda, Szidonia"]
[Black "Mrvova, Alena"]
[Result "1-0"]
[ECO "B22"]
[WhiteElo "2283"]
[BlackElo "2160"]
[Annotator "ChessBase"]
[PlyCount "117"]
[EventDate "2023.12.19"]
[EventType "swiss"]
[EventCountry "MNC"]
[SourceTitle "playchess.com"]
[Source "ChessBase"]
[SourceQuality "1"]
[TimeControl "900+10"]

1. e4 c5 2. c3 d5 3. exd5 Qxd5 4. d4 Nf6 5. Nf3 e6 6. Be3 Nc6 7. Bd3 cxd4 8. cxd4 Bb4+ 9. Nc3 O-O 10. O-O Qh5 11. Ne2 Bd6 12. h3 Ne7 13. Ng3 Qa5 14. Bg5 Ned5 15. Ne5 h6 16. Bd2 Qd8 17. Rc1 Bb4 18. Bb1 Bxd2 19. Qxd2 Nd7 20. Qd3 f5 21. Rfe1 N7f6 22. Ng6 Re8 23. a3 Kh7 24. Ne5 Nf4 25. Qe3 N6d5 26. Qf3 Qf6 27. Ba2 Re7 28. Nh5 Nxh5 29. Qxh5 b6 30. Bxd5 exd5 31. Re3 f4 32. Rec3 Bf5 33. Rc6 Qf8 34. Rc7 Rae8 35. R1c6 Rxc7 36. Rxc7 Bb1 37. Rf7 Qd6 38. Rxf4 Bg6 39. Qg4 Rxe5 40. dxe5 Qxe5 41. Rd4 Qe1+ 42. Kh2 Qxf2 43. Rxd5 Qxb2 44. Qg3 Be4 45. Rd7 a5 46. Re7 Bg6 47. Qc7 Qf6 48. Re3 b5 49. Qxa5 Qf4+ 50. Rg3 h5 51. Qb4 Qe5 52. Qh4 Kh6 53. Qd8 Bh7 54. h4 Bf5 55. Qg5+ Kh7 56. Qxh5+ Kg8 57. Qg5 g6 58. h5 Qh8 59. Qxf5 1-0

[Event "European Women Rapid-ch 2023"]
[Site "Monaco"]
[Date "2024.01.13"]
[Round "4.21"]
[White "Gaprindashvili, Nona"]
[Black "Hryshchenko, Kamila"]
[Result "0-1"]
[ECO "E73"]
[WhiteElo "2243"]
[BlackElo "2192"]
[Annotator "ChessBase"]
[PlyCount "84"]
[EventDate "2023.12.19"]
[EventType "swiss"]
[EventCountry "MNC"]
[SourceTitle "playchess.com"]
[Source "ChessBase"]
[SourceQuality "1"]
[TimeControl "900+10"]

1. d4 d6 2. c4 g6 3. Nc3 Bg7 4. e4 Nf6 5. Be2 O-O 6. h4 h5 7. f3 c6 8. Be3 Qc7 9. Qd2 a6 10. Rc1 b6 11. Nh3 Bxh3 12. Rxh3 e5 13. d5 c5 14. g4 b5 15. cxb5 axb5 16. Nxb5 Qd7 17. g5 Qxh3 18. gxf6 Qh1+ 19. Kf2 Qh2+ 20. Kf1 Bxf6 21. Bc4 Qh1+ 22. Ke2 Qg2+ 23. Kd3 Qxf3 24. Nxd6 Rd8 25. Nb5 Nc6 26. a3 Bxh4 27. Qe2 Qxe2+ 28. Kxe2 Nd4+ 29. Bxd4 cxd4 30. d6 Rd7 31. Rf1 Kg7 32. Bd5 Ra6 33. b4 Bd8 34. Kd3 g5 35. Kc4 g4 36. Kd3 h4 37. Ke2 Bg5 38. Rg1 g3 39. Kf3 Kg6 40. Kg4 d3 41. Rd1 d2 42. Rf1 g2 0-1

[Event "European Women Rapid-ch 2023"]
[Site "Monaco"]
[Date "2024.01.13"]
[Round "4.22"]
[White "Paasikangas, Johanna"]
[Black "Dornbusch, Tatiana"]
[Result "1/2-1/2"]
[ECO "A58"]
[WhiteElo "2038"]
[BlackElo "2218"]
[Annotator "TA"]
[PlyCount "67"]
[EventDate "2023.12.19"]
[EventType "swiss"]
[EventCountry "MNC"]
[SourceTitle "playchess.com"]
[Source "ChessBase"]
[SourceQuality "1"]
[TimeControl "900+10"]

1. d4 Nf6 2. c4 c5 3. d5 b5 4. cxb5 a6 5. bxa6 g6 6. Nf3 Bxa6 7. g3 Bg7 8. Bg2 d6 9. O-O Nbd7 10. h3 O-O 11. Nc3 Qa5 12. Re1 Rfb8 13. e4 Ne8 14. Qc2 Nc7 15. Bd2 Qb6 16. Rab1 Nb5 $1 17. Nxb5 Bxb5 18. Bc3 Rxa2 19. Bxg7 Kxg7 20. e5 $1 dxe5 21. Nxe5 Nxe5 22. Rxe5 Qf6 23. f4 Bd7 24. Qxc5 Bf5 ({Reject} 24... Raxb2 $6 25. Rxb2 Rxb2 26. Rxe7 $14 (26. Qxe7 $2 Qb6+ 27. Re3 Re2 $19)) 25. Rbe1 Rbxb2 26. Bf1 h5 27. Qxe7 {[%emt 0:00:15] [#]} Qb6+ $1 28. R5e3 Bd3 29. Qe5+ {[%emt 0:00:51] The position is equal.} (29. Bxd3 $5 Rg2+ $8 30. Kh1 Rh2+ 31. Kg1 Rhg2+ 32. Kh1 Rh2+ 33. Kg1 Rhg2+ $11) 29... Kh7 30. Qe8 {[%emt 0:02:49] Chess con chili.} (30. Bxd3 $5 Rg2+ $8 31. Kh1 Rh2+ 32. Kg1 Rhg2+ 33. Kh1 Rh2+ 34. Kg1 Rhg2+ $11) 30... Bxf1 31. Qxf7+ Kh6 {[%emt 0:00:04] [#] And now ...Rg2+ would win.} 32. Qf8+ Kh7 {[%emt 0:00:01] Hoping for ...Rg2+.} 33. Qf7+ Kh6 {[%emt 0:00:01] Strongly threatening ...Rg2+.} 34. Qf8+ {[%emt 0:00:12] Weighted Error Value: White=0.08 (flawless) /Black=0.12 (very precise) .  Mistake:       	---       	Black=1      Inaccurate:     	White=2     	Black=2      OK:         	White=9     	Black=8      Best:        	White=2     	Black=2      Strong:       	White=1     	Black=2} 1/2-1/2

[Event "European Women Rapid-ch 2023"]
[Site "Monaco"]
[Date "2024.01.13"]
[Round "4.23"]
[White "Sala, Giulia"]
[Black "Agrest, Inna"]
[Result "0-1"]
[ECO "C47"]
[WhiteElo "2035"]
[BlackElo "2287"]
[Annotator "ChessBase"]
[PlyCount "150"]
[EventDate "2023.12.19"]
[EventType "swiss"]
[EventCountry "MNC"]
[SourceTitle "playchess.com"]
[Source "ChessBase"]
[SourceQuality "1"]
[TimeControl "900+10"]

1. e4 e5 2. Nf3 Nc6 3. d4 exd4 4. Nxd4 Nf6 5. Nc3 Bb4 6. Nxc6 bxc6 7. Bd3 O-O 8. O-O Re8 9. Bd2 Rb8 10. a3 Bf8 11. b3 d5 12. exd5 cxd5 13. h3 c5 14. Bg5 Bb7 15. Re1 Rxe1+ 16. Qxe1 Qd6 17. Nb5 Qb6 18. Qe5 Re8 19. Qf5 Bc8 20. Qf3 Ne4 21. Bf4 Qf6 22. Rd1 Bb7 23. Nxa7 c4 24. Bxe4 Rxe4 25. Be3 Qa6 26. Qg3 Bd6 27. Qg5 f6 28. Qf5 Re7 29. bxc4 Be5 30. cxd5 Qxa3 31. Nc6 Bxc6 32. dxc6 g6 33. Qc8+ Kg7 34. Qd8 Bc7 35. Qd5 Qc3 36. Qc5 Qe5 37. Qxe5 Bxe5 38. Bb6 Kf7 39. Rd7 Ke6 40. Rd3 g5 41. g3 h5 42. c7 Bxc7 43. Re3+ Be5 44. f4 gxf4 45. gxf4 Rb7 46. Bd4 Kd5 47. Bxe5 fxe5 48. fxe5 Rb1+ 49. Kf2 Rc1 50. Re2 Ke6 51. Kg3 Rf1 52. Kh4 Rf5 53. Re3 Rf2 54. c3 Rf5 55. Kg3 Rg5+ 56. Kh4 Rf5 57. c4 Rf4+ 58. Kxh5 Rxc4 59. Kg5 Rc1 60. h4 Rg1+ 61. Kh6 Rg2 62. h5 Rh2 63. Kg6 Rg2+ 64. Kh7 Rh2 65. h6 Rg2 66. Kh8 Rg1 67. h7 Rg2 68. Rf3 Kxe5 69. Rf7 Ke6 70. Rg7 Ra2 71. Rg6+ Kf7 72. Rg7+ Kf6 73. Rg8 Kf7 74. Rb8 Ra7 75. Rb1 Ra8+ 0-1

[Event "European Women Rapid-ch 2023"]
[Site "Monaco"]
[Date "2024.01.13"]
[Round "4.24"]
[White "Haussernot, Cecile"]
[Black "Lezhepekova, Veronika"]
[Result "1-0"]
[ECO "B24"]
[WhiteElo "2136"]
[BlackElo "1935"]
[Annotator "TA"]
[PlyCount "57"]
[EventDate "2023.12.19"]
[EventType "swiss"]
[EventCountry "MNC"]
[SourceTitle "playchess.com"]
[Source "ChessBase"]
[SourceQuality "1"]
[TimeControl "900+10"]

1. e4 c5 2. Nc3 a6 3. Nge2 Nc6 4. g3 g6 5. Bg2 Bg7 6. O-O d6 7. f4 Bd7 8. d3 {[%emt 0:00:12] The position is equal.} Nf6 9. h3 Qc7 10. Be3 b5 11. Qd2 Rc8 12. g4 Ng8 ({Better is} 12... b4 $14) 13. f5 Nd4 ({Black should play} 13... Qd8) 14. Nd5 Qd8 15. c3 {[%emt 0:00:30] White is more active.} Nxe2+ 16. Qxe2 {[%emt 0:00:01] Threatens to win with g5.} Bc6 {[%emt 0:01:29] This costs Black the game.} (16... Nf6 $16) 17. fxg6 hxg6 18. Qf3 $36 {[%emt 0:00:09][%mdl 2048] White is really pushing.} Bxd5 (18... f6 $142 19. Rad1 Bxd5) 19. exd5 $18 f6 {[%emt 0:02:29][%cal Bf7f6,Bf6f5][%mdl 32] Black is weak on the light squares} 20. Qe4 f5 21. Qe6 ({Much less strong is} 21. gxf5 g5 22. Bxg5 Be5 $18) 21... Nf6 {[%emt 0:00:43] [#]} 22. g5 $1 ({Don't play} 22. gxf5 $6 Qd7 23. fxg6 Qxe6 24. dxe6 Bh6 $18) 22... Nh5 $2 (22... Qd7 23. gxf6 Bxf6) 23. Qxg6+ {[%emt 0:00:32] White is clearly winning.} Kd7 24. a4 Ng3 25. Rf3 Be5 26. axb5 axb5 27. Qe6+ Ke8 28. g6 Qd7 29. Qf7+ {[%emt 0:01:01] Weighted Error Value: White=0.24 (precise) /Black=0.63.  Mistake:       	---       	Black=5      Inaccurate:     	White=2     	Black=4      OK:         	White=5     	Black=5      Best:        	---       	Black=2      Strong:       	White=1     	---} 1-0

[Event "European Women Rapid-ch 2023"]
[Site "Monaco"]
[Date "2024.01.13"]
[Round "4.25"]
[White "Krasteva, Beloslava"]
[Black "Uta, Adeline-Ramona"]
[Result "1-0"]
[ECO "E90"]
[WhiteElo "2251"]
[BlackElo "2036"]
[Annotator "ChessBase"]
[PlyCount "65"]
[EventDate "2023.12.19"]
[EventType "swiss"]
[EventCountry "MNC"]
[SourceTitle "playchess.com"]
[Source "ChessBase"]
[SourceQuality "1"]
[TimeControl "900+10"]

1. d4 Nf6 2. c4 g6 3. Nc3 Bg7 4. e4 d6 5. h3 Na6 6. Nf3 O-O 7. Be3 c6 8. Be2 Qa5 9. O-O e5 10. d5 cxd5 11. cxd5 Nc5 12. Nd2 a6 13. a3 Qd8 14. b4 Ncd7 15. Nc4 Qe7 16. Rc1 Ne8 17. Qd2 f5 18. exf5 gxf5 19. f4 e4 20. Bd4 Ndf6 21. Ne3 Bh6 22. Na4 Bd7 23. Nb6 Rd8 24. Qe1 Qf7 25. Qh4 Qg6 26. Kh1 Bb5 27. Bxb5 axb5 28. g4 fxg4 29. hxg4 Bg7 30. Nf5 Rf7 31. Rg1 Rb8 32. Nxg7 Nxg7 33. f5 1-0

[Event "European Women Rapid-ch 2023"]
[Site "Monaco"]
[Date "2024.01.13"]
[Round "4.26"]
[White "Rodriguez Redondo, Adhara"]
[Black "Khurtsilava, Inga"]
[Result "1-0"]
[ECO "B01"]
[WhiteElo "2130"]
[BlackElo "2186"]
[Annotator "TA"]
[PlyCount "62"]
[EventDate "2023.12.19"]
[EventType "swiss"]
[EventCountry "MNC"]
[SourceTitle "playchess.com"]
[Source "ChessBase"]
[SourceQuality "1"]
[TimeControl "900+10"]

1. e4 d5 2. exd5 Qxd5 3. Nc3 Qd8 4. h3 Nf6 5. Nf3 Bf5 6. Bc4 e6 7. O-O c6 8. Re1 {[%emt 0:00:17] Weiß hat minimalen Vorteil.} Be7 9. d4 O-O 10. a4 a5 11. Bf4 Nbd7 12. Bd3 Bxd3 13. Qxd3 Re8 14. Ne4 Nxe4 15. Qxe4 Nf6 16. Qe2 Qd5 17. c3 b5 18. Qc2 Nd7 19. b3 Qh5 (19... bxa4 $11 20. Rxa4 c5) 20. Ne5 Nxe5 21. Rxe5 Qg6 22. Qxg6 hxg6 23. axb5 Bd6 $1 24. bxc6 Bxe5 25. Bxe5 $11 {[%emt 0:00:01][%mdl 4096] [#] Endspiel. Droht b4 und aus. KRR-KRB} ({Viel schlechter ist} 25. dxe5 Rec8 $17) 25... Rec8 26. c7 f6 27. Bd6 Ra6 28. Bb4 Rxc7 29. Bxa5 Rxa5 30. Rxa5 {[%emt 0:00:02] [#] Und Rc5 würde nun gewinnen.} Rxc3 31. Rb5 Rc1+ {[%emt 0:00:03] Gewichteter Fehlerwert: Weiß=0.11 (sehr präzise) /Schwarz=0.09 (makellos) .  Fehler:       	---       	Schwarz=1     Ungenau:       	Weiß=5     	Schwarz=3     OK:         	Weiß=8     	Schwarz=11    Bester:       	---       	Schwarz=1     Stark:        	---       	Schwarz=1} 1-0

[Event "European Women Rapid-ch 2023"]
[Site "Monaco"]
[Date "2024.01.13"]
[Round "4.27"]
[White "Cramling, Pia"]
[Black "Cornileau, Juliette"]
[Result "1-0"]
[ECO "D23"]
[WhiteElo "2437"]
[BlackElo "2007"]
[Annotator "ChessBase"]
[PlyCount "107"]
[EventDate "2023.12.19"]
[EventType "swiss"]
[EventCountry "MNC"]
[SourceTitle "playchess.com"]
[Source "ChessBase"]
[SourceQuality "1"]
[TimeControl "900+10"]

1. Nf3 d5 2. d4 Nf6 3. c4 c6 4. Qb3 dxc4 5. Qxc4 Bf5 6. g3 e6 7. Bg2 Be7 8. O-O O-O 9. e3 Nbd7 10. Rd1 Ne4 11. Qe2 Qc7 12. Ne1 Rfd8 13. f3 Nef6 14. e4 Bg6 15. Nc3 e5 16. Nc2 b5 17. Be3 exd4 18. Nxd4 Nb6 19. Rac1 Nc4 20. Bf2 Bc5 21. b3 Qb6 22. bxc4 Bxd4 23. cxb5 cxb5 24. Rxd4 Rxd4 25. Nxb5 Rd2 26. Qxd2 Qxb5 27. Bf1 Qb7 28. Qc2 h6 29. Qc6 Qxc6 30. Rxc6 Nd7 31. Rc7 Ne5 32. Be2 Rd8 33. Be3 a5 34. Rc5 Nd3 35. Rxa5 Nb4 36. Bf4 Rc8 37. a3 Na2 38. Bd1 Rc3 39. Kf2 Nc1 40. Bxc1 Rxc1 41. Be2 f6 42. Ra8+ Kh7 43. a4 Bf7 44. a5 Rc2 45. Ke3 Rc3+ 46. Kd2 Ra3 47. a6 f5 48. exf5 Bd5 49. Rd8 Bc6 50. Rd6 Bxf3 51. Bxf3 Rxf3 52. a7 Ra3 53. Rd7 h5 54. f6 1-0

[Event "European Women Rapid-ch 2023"]
[Site "Monaco"]
[Date "2024.01.13"]
[Round "5.1"]
[White "Batsiashvili, Nino"]
[Black "Khademalsharieh, Sarasadat"]
[Result "1/2-1/2"]
[ECO "D31"]
[WhiteElo "2451"]
[BlackElo "2486"]
[Annotator "RC"]
[PlyCount "109"]
[EventDate "2023.12.19"]
[EventType "swiss"]
[EventCountry "MNC"]
[SourceTitle "playchess.com"]
[Source "ChessBase"]
[SourceQuality "1"]
[TimeControl "900+10"]

1. d4 d5 2. c4 e6 3. Nc3 a6 4. cxd5 exd5 5. Bf4 Nf6 6. e3 Bd6 7. Bxd6 Qxd6 8. Bd3 O-O 9. Nge2 Re8 10. Qc2 b6 11. Rc1 c5 12. O-O Nc6 13. h3 c4 14. Bf5 Nb4 15. Qb1 Bxf5 16. Qxf5 Nd3 17. Rc2 b5 18. a3 Rab8 19. g4 g6 20. Qf3 a5 21. g5 Ne4 22. Nxe4 dxe4 23. Qg3 Qd5 24. Nf4 Qf5 25. h4 Rbc8 26. Re2 b4 27. axb4 axb4 28. f3 Nxf4 29. Qxf4 Qxf4 30. exf4 exf3 31. Rxe8+ Rxe8 32. Rc1 Re2 33. Rxc4 Rxb2 34. Rc8+ Kg7 35. Rb8 b3 36. d5 Rg2+ 37. Kf1 b2 38. d6 Rd2 39. d7 Rxd7 40. Kf2 Rd2+ 41. Kxf3 h5 42. Ke3 Rh2 43. Ke4 Rxh4 44. Rxb2 Rh3 45. f5 gxf5+ 46. Kxf5 Rf3+ 47. Ke4 Rf1 48. Rb6 h4 49. Rh6 f5+ 50. Ke5 f4 51. Rxh4 f3 52. Kf4 f2 53. Kg3 Kg6 54. Rf4 Kxg5 55. Rxf2 1/2-1/2

[Event "European Women Rapid-ch 2023"]
[Site "Monaco"]
[Date "2024.01.13"]
[Round "5.2"]
[White "Kosteniuk, Alexandra"]
[Black "Vega Gutierrez, Sabrina"]
[Result "1-0"]
[ECO "B21"]
[WhiteElo "2501"]
[BlackElo "2378"]
[Annotator "RC"]
[PlyCount "65"]
[EventDate "2023.12.19"]
[EventType "swiss"]
[EventCountry "MNC"]
[SourceTitle "playchess.com"]
[Source "ChessBase"]
[SourceQuality "1"]
[TimeControl "900+10"]

1. e4 c5 2. d4 cxd4 3. Qxd4 Nc6 4. Qd3 Nf6 5. Nc3 e6 6. Bf4 d5 7. exd5 Nb4 8. Qd2 Nbxd5 9. Nxd5 Nxd5 10. Be5 f6 11. Bg3 Be7 12. O-O-O O-O 13. Bc4 Qb6 14. Ne2 Rd8 15. Nf4 Nxf4 16. Qxf4 Kh8 17. Qh4 Bd7 18. Bd3 h6 19. Bf4 Qb4 20. a3 f5 21. Qxh6+ gxh6 22. axb4 Bg5 23. Bd2 Bxd2+ 24. Rxd2 Kg7 25. Re1 Kf6 26. Bc4 Rac8 27. Bb3 Ke7 28. Rxd7+ Rxd7 29. Bxe6 Kd8 30. Bxd7 Kxd7 31. Re5 Rg8 32. g3 f4 33. Kd2 1-0

[Event "European Women Rapid-ch 2023"]
[Site "Monaco"]
[Date "2024.01.13"]
[Round "5.3"]
[White "Paehtz, Elisabeth"]
[Black "Guichard, Pauline"]
[Result "1/2-1/2"]
[ECO "D02"]
[WhiteElo "2461"]
[BlackElo "2385"]
[Annotator "RC"]
[PlyCount "123"]
[EventDate "2023.12.19"]
[EventType "swiss"]
[EventCountry "MNC"]
[SourceTitle "playchess.com"]
[Source "ChessBase"]
[SourceQuality "1"]
[TimeControl "900+10"]

1. d4 Nf6 2. Nf3 d5 3. c3 c5 4. dxc5 e6 5. Be3 a5 6. c4 Nbd7 7. cxd5 Nxd5 8. Bd4 Nxc5 9. e3 Bd7 10. Ne5 Ne4 11. Qf3 Bb4+ 12. Nc3 Nef6 13. Bd3 Rc8 14. Rc1 O-O 15. O-O Bc6 16. Qh3 h6 17. Rfd1 Qe7 18. Nxc6 Rxc6 19. Nxd5 Nxd5 20. Qg3 Nf6 21. Rxc6 bxc6 22. Qf3 e5 23. a3 exd4 24. axb4 axb4 25. exd4 Nd5 26. Qe4 Qxe4 27. Bxe4 Re8 28. f3 Kf8 29. Rc1 Re6 30. Kf2 Ke7 31. Bxd5 cxd5 32. Rc7+ Kf6 33. Rb7 Rc6 34. Rxb4 Rc2+ 35. Kg3 h5 36. h4 g6 37. Rb6+ Ke7 38. b4 Rd2 39. Kf4 Rxd4+ 40. Ke5 Rxh4 41. Rb7+ Kf8 42. b5 Rh2 43. Kf6 Ke8 44. Re7+ Kd8 45. Re2 h4 46. Kxf7 d4 47. Rd2 Kc7 48. Rxd4 Rxg2 49. Rxh4 Rg3 50. Rf4 Kb6 51. Rf6+ Kxb5 52. f4 Rg4 53. Ke6 Kc5 54. Ke5 Rg1 55. Rf8 Kc4 56. Rc8+ Kd3 57. Rd8+ Ke3 58. Ra8 Kf3 59. Ra3+ Kg4 60. Ra4 Rf1 61. f5+ Kg5 62. fxg6 1/2-1/2

[Event "European Women Rapid-ch 2023"]
[Site "Monaco"]
[Date "2024.01.13"]
[Round "5.4"]
[White "Osmak, Yuliia"]
[Black "Javakhishvili, Lela"]
[Result "1-0"]
[ECO "B30"]
[WhiteElo "2450"]
[BlackElo "2433"]
[Annotator "RC"]
[PlyCount "67"]
[EventDate "2023.12.19"]
[EventType "swiss"]
[EventCountry "MNC"]
[SourceTitle "playchess.com"]
[Source "ChessBase"]
[SourceQuality "1"]
[TimeControl "900+10"]

1. e4 c5 2. Nf3 Nc6 3. Bb5 e6 4. O-O Nge7 5. d4 cxd4 6. Nxd4 Ng6 7. c3 Be7 8. Be3 O-O 9. Nd2 Nxd4 10. cxd4 d5 11. e5 f6 12. exf6 Bxf6 13. Bd3 e5 14. Bxg6 exd4 15. Bxh7+ Kxh7 16. Bf4 Kg8 17. Nb3 Qb6 18. Qh5 Be6 19. Be5 Bg4 20. Qxg4 Bxe5 21. Rad1 Rf4 22. Qh5 Qf6 23. g3 Rf5 24. Qg4 Rf8 25. Rd2 Qh6 26. Nxd4 Qxd2 27. Nxf5 Bf6 28. Rd1 Qxb2 29. Rxd5 Qc1+ 30. Rd1 Qc2 31. Rd7 Qc1+ 32. Kg2 Qc6+ 33. Kh3 Bg5 34. Rxg7+ 1-0

[Event "European Women Rapid-ch 2023"]
[Site "Monaco"]
[Date "2024.01.13"]
[Round "5.5"]
[White "Ushenina, Anna"]
[Black "Stefanova, Antoaneta"]
[Result "1/2-1/2"]
[ECO "D73"]
[WhiteElo "2415"]
[BlackElo "2431"]
[Annotator "ChessBase"]
[PlyCount "135"]
[EventDate "2023.12.19"]
[EventType "swiss"]
[EventCountry "MNC"]
[SourceTitle "playchess.com"]
[Source "ChessBase"]
[SourceQuality "1"]
[TimeControl "900+10"]

1. Nf3 d5 2. g3 g6 3. Bg2 Bg7 4. d4 c6 5. O-O Nf6 6. c4 dxc4 7. a4 h6 8. Nc3 Na6 9. e4 Nb4 10. Qe2 Be6 11. h3 O-O 12. Be3 Qc8 13. Kh2 Ne8 14. Rad1 a6 15. Ne5 b5 16. f4 Nd3 17. Nxc6 Qxc6 18. d5 Qc8 19. dxe6 Qxe6 20. e5 Rb8 21. axb5 axb5 22. Bd5 Qd7 23. b3 Qc7 24. Nxb5 Rxb5 25. Bxc4 Nxf4 26. Bxf4 Rxe5 27. Bxe5 Bxe5 28. Rd3 Bf6 29. Qd2 Kg7 30. Rd8 Qe5 31. Re1 Qc5 32. Re2 h5 33. Qd5 Qxd5 34. Rxd5 Nd6 35. Ra5 Rb8 36. Rea2 Bd4 37. Kg2 Nf5 38. Kf3 Rb7 39. Bd5 Rc7 40. Bc4 e5 41. Ra6 Ne3 42. R2a4 Re7 43. Rc6 e4+ 44. Ke2 Nf5 45. g4 hxg4 46. hxg4 Ng3+ 47. Kd1 e3 48. Rd6 e2+ 49. Bxe2 Nxe2 50. Raxd4 Nxd4 51. Rxd4 Kf6 52. b4 Kg5 53. b5 Rb7 54. Rb4 Rb6 55. Kc2 f5 56. gxf5 gxf5 57. Kb3 f4 58. Ka4 f3 59. Ka5 Rf6 60. Rb1 f2 61. Rf1 Kg4 62. b6 Kg3 63. b7 Rf8 64. Kb6 Kg2 65. Rxf2+ Kxf2 66. Ka7 Ke3 67. b8=Q Rxb8 68. Kxb8 1/2-1/2

[Event "European Women Rapid-ch 2023"]
[Site "Monaco"]
[Date "2024.01.13"]
[Round "5.6"]
[White "Khotenashvili, Bella"]
[Black "Lazarne Vajda, Szidonia"]
[Result "1-0"]
[ECO "A49"]
[WhiteElo "2467"]
[BlackElo "2283"]
[Annotator "RC"]
[PlyCount "87"]
[EventDate "2023.12.19"]
[EventType "swiss"]
[EventCountry "MNC"]
[SourceTitle "playchess.com"]
[Source "ChessBase"]
[SourceQuality "1"]
[TimeControl "900+10"]

1. Nf3 Nf6 2. g3 g6 3. Bg2 Bg7 4. O-O O-O 5. d4 d6 6. a4 c6 7. a5 Bf5 8. Re1 Qc8 9. Nbd2 d5 10. c3 Na6 11. Qb3 Ne4 12. Ne5 Nxd2 13. Bxd2 Nc7 14. c4 dxc4 15. Qxc4 Be6 16. Qc5 Qd8 17. Red1 Bb3 18. Qb4 Bxd1 19. Rxd1 Rb8 20. e3 a6 21. Nd3 Nb5 22. Qc4 Re8 23. Bf3 e6 24. h4 h5 25. Bb4 Nd6 26. Qc3 Nf5 27. Bc5 Bf8 28. Bb6 Qf6 29. Kg2 Bd6 30. e4 Nxh4+ 31. gxh4 Qxh4 32. e5 Qg5+ 33. Kf1 Bf8 34. Ke2 Bh6 35. Nc5 Re7 36. Ne4 Qf4 37. Bc5 Ree8 38. Nf6+ Kg7 39. Rg1 Bg5 40. Nxe8+ Rxe8 41. Qd3 Rd8 42. Qe3 Qxe3+ 43. fxe3 Kh6 44. Rxg5 1-0

[Event "European Women Rapid-ch 2023"]
[Site "Monaco"]
[Date "2024.01.13"]
[Round "5.7"]
[White "Navrotescu, Andreea"]
[Black "Salimova, Nurgyul"]
[Result "1/2-1/2"]
[ECO "D35"]
[WhiteElo "2222"]
[BlackElo "2426"]
[Annotator "ChessBase"]
[PlyCount "74"]
[EventDate "2023.12.19"]
[EventType "swiss"]
[EventCountry "MNC"]
[SourceTitle "playchess.com"]
[Source "ChessBase"]
[SourceQuality "1"]
[TimeControl "900+10"]

1. d4 Nf6 2. c4 e6 3. Nc3 d5 4. cxd5 exd5 5. Bg5 Be7 6. e3 Bg4 7. Qb3 Nbd7 8. Bd3 O-O 9. Nge2 c5 10. Qc2 c4 11. Bf5 Bxf5 12. Qxf5 b5 13. Nxb5 Rb8 14. Nbc3 Rxb2 15. O-O h6 16. Bxf6 Nxf6 17. Rab1 g6 18. Qf3 Rc2 19. Rfc1 Rxc1+ 20. Nxc1 Qa5 21. N1e2 Kg7 22. Rb5 Qa3 23. h3 Bb4 24. Nxd5 Nxd5 25. Qxd5 Qxa2 26. Nf4 Be7 27. Rb7 Qa1+ 28. Kh2 Qa3 29. Qe5+ Bf6 30. Ne6+ Kg8 31. Qxf6 Qd6+ 32. g3 Qxe6 33. Qxe6 fxe6 34. Kg2 Rf7 35. Rb8+ Rf8 36. Rb7 Rf7 37. Rb8+ Rf8 1/2-1/2

[Event "European Women Rapid-ch 2023"]
[Site "Monaco"]
[Date "2024.01.13"]
[Round "5.8"]
[White "Hunt, Harriet V"]
[Black "Haussernot, Cecile"]
[Result "1-0"]
[ECO "B50"]
[WhiteElo "2306"]
[BlackElo "2136"]
[Annotator "RC"]
[PlyCount "87"]
[EventDate "2023.12.19"]
[EventType "swiss"]
[EventCountry "MNC"]
[SourceTitle "playchess.com"]
[Source "ChessBase"]
[SourceQuality "1"]
[TimeControl "900+10"]

1. e4 c5 2. Nf3 d6 3. c3 Nf6 4. h3 Nc6 5. Bd3 g6 6. O-O Bg7 7. Bc2 O-O 8. Re1 e5 9. d3 h6 10. Be3 Qe7 11. a3 g5 12. Nh2 d5 13. Qf3 Be6 14. a4 b6 15. Na3 Rac8 16. Rad1 d4 17. Bc1 dxc3 18. bxc3 Na5 19. Qe2 Qb7 20. Nf1 a6 21. Ne3 b5 22. axb5 axb5 23. Nf5 Bxf5 24. exf5 Nd5 25. Bd2 b4 26. cxb4 cxb4 27. Nc4 Nxc4 28. dxc4 Nb6 29. Bxb4 Rfe8 30. Be4 Qa7 31. c5 Nd7 32. c6 Nf6 33. Rc1 Qb6 34. Bc5 Qa5 35. Bd6 Bf8 36. Bxf8 Kxf8 37. Qc4 Kg7 38. Red1 Rc7 39. Rd6 Rec8 40. g3 Qa3 41. Rcd1 Nxe4 42. Qxe4 Qc3 43. f6+ Kg8 44. Rd8+ 1-0

[Event "European Women Rapid-ch 2023"]
[Site "Monaco"]
[Date "2024.01.13"]
[Round "5.9"]
[White "Agrest, Inna"]
[Black "Wagner, Dinara"]
[Result "0-1"]
[ECO "B96"]
[WhiteElo "2287"]
[BlackElo "2459"]
[Annotator "RC"]
[PlyCount "58"]
[EventDate "2023.12.19"]
[EventType "swiss"]
[EventCountry "MNC"]
[SourceTitle "playchess.com"]
[Source "ChessBase"]
[SourceQuality "1"]
[TimeControl "900+10"]

1. e4 c5 2. Nf3 d6 3. d4 cxd4 4. Nxd4 Nf6 5. Nc3 a6 6. Bg5 e6 7. f4 Nbd7 8. Qf3 h6 9. Bh4 e5 10. Nb3 exf4 11. Bxf6 Nxf6 12. Qxf4 Be7 13. Bd3 Ng4 14. Nd5 Bh4+ 15. g3 Bg5 16. Qf1 Be6 17. h4 Bxd5 18. exd5 Be3 19. Qe2 h5 20. Bf5 O-O 21. Bxg4 hxg4 22. Qxg4 Qf6 23. Rf1 Qxb2 24. Rf3 Rae8 25. Kf1 Qxc2 26. Re1 Bb6 27. Qb4 Qh2 28. Nd4 Qh1+ 29. Kf2 Bxd4+ 0-1

[Event "European Women Rapid-ch 2023"]
[Site "Monaco"]
[Date "2024.01.13"]
[Round "5.10"]
[White "Zimina, Olga"]
[Black "Krasteva, Beloslava"]
[Result "0-1"]
[ECO "D02"]
[WhiteElo "2291"]
[BlackElo "2251"]
[Annotator "ChessBase"]
[PlyCount "106"]
[EventDate "2023.12.19"]
[EventType "swiss"]
[EventCountry "MNC"]
[SourceTitle "playchess.com"]
[Source "ChessBase"]
[SourceQuality "1"]
[TimeControl "900+10"]

1. d4 Nf6 2. Nf3 e6 3. g3 d5 4. Bg2 h6 5. O-O Bd6 6. c4 O-O 7. Qc2 b6 8. cxd5 exd5 9. Nc3 Bb7 10. Nh4 Re8 11. Nf5 Bf8 12. Bf4 Na6 13. Rfd1 c6 14. Rac1 Rc8 15. h3 Nc7 16. Be5 Ne6 17. Qa4 a5 18. Qb3 b5 19. a3 g6 20. Nh4 Nd7 21. Nf3 Nxe5 22. Nxe5 Nxd4 23. Rxd4 Rxe5 24. e4 Qb6 25. Rd2 d4 26. Ne2 c5 27. Qd1 Bxe4 28. Bxe4 Rxe4 29. Nxd4 Rce8 30. Nf3 c4 31. a4 Bb4 32. Rdc2 Qf6 33. axb5 Rd8 34. Nd2 Re6 35. Kg2 Qg5 36. h4 Qxb5 37. h5 Qd5+ 38. Qf3 Bxd2 39. Qxd5 Rxd5 40. Rd1 Red6 41. hxg6 fxg6 42. Rxc4 Bb4 43. Rdc1 Rd2 44. b3 Rf6 45. Rc8+ Bf8 46. Rf1 Kg7 47. Ra8 Bb4 48. Ra7+ Rf7 49. Ra6 Rb2 50. g4 Rxb3 51. Rc1 Rb2 52. Rcc6 Rbxf2+ 53. Kg1 R2f6 0-1